Map: Abyssal Reef LE

Players

Namshar - Winner!

  • Race: Zerg Zerg
  • Spawn Location: 5:00

Gerald

  • Race: Protoss Protoss
  • Spawn Location: 11:00

Event: WCS Valencia 2017

VOD

Have the link to the VOD?

Description

Time

  • Played on: July 13, 2017, 10:21 a.m.
  • Length: 11:34

All games in this series

Show
View Real Time Build Order
Export as new Build Order

Namshar Zerg - Winner!

Build Orders: Hatch First, Lurkers 

Get SALT Encoding   

  12  0:00  Drone  
  13  0:12  Overlord  
  13  0:17  Drone  
  14  0:30  Drone  
  14  0:31  Drone  
  14  0:34  Drone  
  17  0:45  Drone  
  18  0:56  Hatchery  
  17  0:58  Drone  
  17  1:03  Extractor  
  17  1:13  Spawning Pool  
  17  1:18  Drone  
  17  1:19  Drone  
  18  1:28  Drone  
  19  1:38  Overlord  
  19  1:49  Drone  
  20  2:00  Queen, Zergling x2  
  23  2:05  Metabolic Boost  
  23  2:08  Queen, Zergling x2  
  25  2:11  Drone  
  27  2:21  Drone x2  
  30  2:30  Drone  
  30  2:32  Drone  
  31  2:40  Drone  
  31  2:43  Hatchery  
  31  2:46  Drone  
  31  2:51  Overlord  
  34  3:03  Drone  
  34  3:04  Overlord  
  35  3:15  Drone x2  
  35  3:17  Spore Crawler  
  35  3:18  Drone x2  
  35  3:19  Drone x2  
  40  3:20  Queen  
  40  3:24  Zergling x2  
  41  3:33  Queen  
  43  3:34  Overlord  
  43  3:40  Drone x2  
  43  3:41  Drone x2  
  47  3:43  Drone x3  
  47  3:48  Roach Warren  
  49  3:50  Spore Crawler  
  49  3:52  Spore Crawler  
  47  4:00  Overlord  
  47  4:01  Drone x3  
  49  4:06  Drone  
  49  4:07  Drone x2  
  51  4:10  Zergling x2  
  51  4:16  Drone  
  53  4:17  Overlord  
  53  4:21  Drone x2  
  53  4:22  Drone x2  
  57  4:25  Spore Crawler  
  57  4:29  Roach  
  57  4:30  Roach x2  
  62  4:35  Overlord  
  62  4:38  Roach x3  
  68  4:52  Lair, Overlord x2  
  68  4:56  Drone  
  68  4:58  Evolution Chamber  
  68  4:59  Roach x3  
  74  5:07  Extractor, Drone x2, Overlord  
  75  5:08  Extractor  
  75  5:10  Drone x3  
  75  5:11  Drone x3  
  79  5:20  Overlord  
  79  5:23  Extractor  
  79  5:24  Extractor  
  76  5:31  Drone x6  
  82  5:35  Extractor  
  82  5:36  Overlord x2  
  82  5:37  Overlord  
  81  5:43  Zerg Melee Weapons Level 1  
  81  5:45  Drone x6  
  81  5:49  Glial Reconstitution  
  87  5:56  Overseer  
  87  6:00  Drone x4  
  87  6:01  Drone  
  87  6:03  Drone  
  93  6:06  Hydralisk Den, Overlord  
  93  6:10  Hatchery  
  93  6:11  Roach  
  93  6:12  Overlord  
  93  6:18  Drone  
  94  6:20  Evolution Chamber  
  93  6:27  Drone  
  93  6:28  Drone x3  
  93  6:31  Drone x2  
  87  6:40  Drone x3  
  87  6:41  Drone x2  
  92  6:47  Pneumatized Carapace  
  92  6:48  Muscular Augments  
  92  6:55  Zerg Missile Weapons Level 1  
  92  7:00  Hydralisk  
  92  7:01  Hydralisk x9  
  94  7:06  Overlord  
  112  7:22  Drone x7  
  119  7:24  Overlord x2  
  119  7:25  Drone  
  119  7:26  Drone x3  
  119  7:28  Hatchery  
  122  7:33  Drone x2  
  124  7:41  Hydralisk x3  
  124  7:42  Extractor  
  124  7:43  Extractor  
  128  7:44  Spore Crawler  
  128  7:48  Overlord  
  128  7:49  Overseer x2  
  127  7:58  Hydralisk x6, Drone  
  140  8:21  Hydralisk x11  
  140  8:26  Lurker Den  
  162  8:27  Zerg Melee Weapons Level 2  
  162  8:29  Drone  
  162  8:32  Baneling Nest  
  162  8:43  Hydralisk x6  
  174  9:00  Hydralisk  
  174  9:01  Hydralisk x4  
  176  9:11  Hydralisk x3  
  176  9:13  Overlord x4  
  180  9:24  Overlord x3  
  180  9:25  Centrifical Hooks  
  180  9:27  Zergling x4  
  182  9:43  Hydralisk  
  182  9:44  Hydralisk x9  
  188  9:59  Hydralisk x7  
  178  10:01  Overlord  
  182  10:08  Hydralisk x5  
  182  10:14  Hydralisk  
  182  10:30  Overseer, Hatchery  
  182  10:32  Lurker x3  
  182  10:33  Lurker  
  182  10:34  Zergling x12  
  182  10:35  Zergling x4  
  187  10:40  Hatchery  
  187  10:41  Lurker  
  187  10:43  Lurker  
  187  10:48  Zergling x10  
  187  10:49  Zergling x12  
  199  10:50  Lurker  
Show
View Real Time Build Order
Export as new Build Order

Gerald Protoss 

Build Orders: 1 Gate Expand, Zealot Archon 

Get SALT Encoding   

  12  0:01  Probe (Chrono Boost)  
  13  0:11  Probe (Chrono Boost)  
  14  0:19  Pylon  
  14  0:22  Probe (Chrono Boost)  
  15  0:38  Probe (Chrono Boost)  
  15  0:40  Gateway  
  16  0:48  Probe (Chrono Boost)  
  16  0:49  Assimilator  
  17  0:59  Probe (Chrono Boost), Pylon  
  18  1:09  Probe (Chrono Boost)  
  19  1:20  Probe (Chrono Boost)  
  20  1:31  Nexus  
  20  1:35  Probe (Chrono Boost)  
  21  1:44  Cybernetics Core  
  21  1:48  Probe (Chrono Boost)  
  22  1:55  Assimilator  
  22  1:58  Probe (Chrono Boost)  
  23  2:02  Pylon  
  23  2:09  Probe (Chrono Boost)  
  24  2:19  Probe (Chrono Boost)  
  24  2:21  Adept (Chrono Boost)  
  27  2:25  Warp Gate  
  27  2:31  Probe, Twilight Council  
  28  2:41  Probe  
  29  2:45  Probe, Stalker (Chrono Boost)  
  32  2:52  Probe  
  32  2:57  Probe  
  34  3:02  Probe  
  35  3:07  Resonating Glaives (Chrono Boost)  
  35  3:09  Probe  
  35  3:11  Adept (Chrono Boost)  
  38  3:13  Probe  
  39  3:22  Mothership Core (Chrono Boost)  
  39  3:23  Probe  
  40  3:35  Probe (Chrono Boost)  
  43  3:43  Probe (Chrono Boost), Gateway  
  43  3:46  Probe (Chrono Boost)  
  43  3:47  Gateway  
  45  3:53  Probe  
  45  3:54  Gateway  
  46  4:02  Pylon  
  46  4:04  Probe  
  46  4:08  Nexus  
  45  4:10  Pylon  
  45  4:12  Probe  
  45  4:14  Assimilator  
  46  4:24  Probe x2  
  48  4:34  Probe, Dark Shrine  
  48  4:36  Probe  
  50  4:40  Adept  
  50  4:41  Adept  
  50  4:42  Adept  
  50  4:45  Probe  
  56  4:48  Probe, Assimilator  
  58  4:53  Pylon  
  58  4:55  Probe  
  58  4:56  Adept  
  61  5:00  Probe  
  62  5:10  Probe  
  62  5:11  Robotics Facility  
  62  5:12  Probe  
  64  5:15  Adept x2  
  64  5:18  Probe  
  64  5:19  Adept  
  64  5:20  Probe  
  71  5:24  Probe  
  69  5:29  Probe  
  69  5:31  Probe  
  69  5:33  Forge  
  69  5:34  Charge (Chrono Boost)  
  69  5:36  Probe  
  69  5:39  Probe  
  69  5:41  Probe  
  71  5:45  Robotics Facility  
  71  5:46  Assimilator  
  71  5:48  Adept x2  
  76  5:50  Adept  
  76  5:51  Assimilator  
  76  5:52  Probe x2  
  76  5:54  Probe  
  81  5:59  Observer  
  81  6:02  Probe, Pylon  
  83  6:04  Probe  
  83  6:07  Probe  
  83  6:08  Pylon  
  85  6:19  Probe x2  
  85  6:20  Probe, Immortal (Chrono Boost)  
  92  6:29  Probe x2  
  92  6:32  Probe  
  85  6:40  Probe  
  85  6:41  Probe, Protoss Ground Weapons Level 1  
  85  6:42  Pylon  
  85  6:44  Probe, Immortal (Chrono Boost)  
  85  6:46  Gateway  
  91  6:50  Probe, Templar Archives  
  92  6:58  Immortal (Chrono Boost)  
  92  7:01  Gateway  
  96  7:03  Zealot x4  
  104  7:11  Nexus  
  104  7:13  Probe  
  104  7:15  Pylon  
  105  7:19  Psionic Storm  
  105  7:20  Pylon  
  105  7:21  Immortal (Chrono Boost)  
  103  7:28  Gateway  
  103  7:29  Probe  
  108  7:31  Gateway  
  108  7:34  High Templar x3  
  108  7:36  High Templar  
  116  7:38  Archon  
  116  7:39  Immortal  
  116  7:40  Probe  
  116  7:41  Probe, Archon  
  122  7:49  Pylon  
  122  7:50  Pylon  
  122  7:53  Probe  
  122  7:55  Gateway  
  123  7:58  Gateway  
  123  8:04  High Templar  
  125  8:08  High Templar x2  
  125  8:09  Probe  
  125  8:11  Photon Cannon  
  125  8:12  Probe  
  131  8:13  Pylon  
  131  8:14  Zealot, High Templar  
  131  8:15  Zealot, Probe  
  138  8:21  Probe  
  138  8:24  Probe  
  138  8:26  Probe  
  140  8:27  Probe  
  140  8:28  Pylon  
  140  8:33  Probe  
  143  8:34  Assimilator  
  143  8:36  Probe, Immortal  
  143  8:38  High Templar x2  
  143  8:39  Assimilator  
  143  8:40  Zealot x4, Photon Cannon  
  157  8:49  Zealot x2  
  157  8:50  Probe  
  141  9:07  Immortal  
  132  9:14  Probe  
  132  9:15  Pylon  
  132  9:17  Pylon  
  137  9:18  Pylon  
  137  9:20  Pylon  
  137  9:22  Pylon  
  133  9:24  Pylon  
  133  9:28  Immortal  
  126  9:38  Probe  
  126  9:39  Probe  
  126  9:45  Archon  
  117  9:51  Zealot  
  117  9:52  Zealot x8  
  134  9:57  Probe  
  128  10:06  Immortal  
  91  10:17  Stalker x2  
  91  10:18  Stalker x5  
  105  10:26  Probe  
  105  10:27  Probe x2  
  107  10:35  Pylon  
  108  10:38  Probe  
  108  10:39  Probe x2  
  111  10:49  Probe  
  111  10:50  Probe, Templar Archives  
  111  10:52  Probe  
  114  11:02  Observer, Probe  
  96  11:14  Zealot x8  
Tags
 
Add a new tag
Caveats
  • Supply blocks, unpowered buildings, or Contaminate may cause inaccurate times.
  • Supply counts are checked every 10 seconds.